[Event "December 12 Early 2023"]
[Site "https://www.chess.com"]
[Date "2023.12.12"]
[Round "11"]
[White "Banzea, Alexandru-Bogdan"]
[Black "Dyulgerov, Volen"]
[Result "0-1"]
[Board "63"]
[TimeControl "180+1"]
[WhiteFideId "1232622"]
[BlackFideId "2918978"]
[WhiteElo "2596"]
[BlackElo "2439"]
[WhiteTeam "ROU"]
[BlackTeam "BUL"]
[WhiteClock "0:00:00"]
[BlackClock "0:00:01"]

1. d4 e5 2. dxe5 d6 3. Nf3 Nc6 4. e4 Bg4 5. Nc3 dxe5 6. Qxd8+ Rxd8 7. Bd3 Bxf3 8. gxf3 Nb4 9. Ke2 Bc5 10. Rg1 g6 11. Be3 Nxd3 12. cxd3 Bd4 13. Nb5 c6 14. Nxd4 exd4 15. Bf4 Ke7 16. b4 Nf6 17. Rab1 a6 18. a4 Ke6 19. b5 axb5 20. axb5 Ra8 21. Rgc1 Ra2+ 22. Ke1 Nh5 23. Bc7 Rc8 24. b6 Rca8 25. Rb4 R8a4 26. Rxa4 Rxa4 27. Rxc6+ bxc6 28. b7 Rb4 29. b8=Q Rxb8 30. Bxb8 c5 31. Kd2 f6 32. Kc2 g5 33. Kb3 Nf4 34. Kc4 Ne2 35. Kxc5 Ng1 36. Kxd4 Nxf3+ 37. Kc5 f5 0-1

[Event "December 12 Early 2023"]
[Site "https://www.chess.com"]
[Date "2023.12.12"]
[Round "11"]
[White "Melikhov, Evgeny V."]
[Black "Vestby-Ellingsen, Mads"]
[Result "0-1"]
[Board "64"]
[TimeControl "180+1"]
[WhiteFideId "4122046"]
[BlackFideId "1520857"]
[WhiteElo "2421"]
[BlackElo "2594"]
[WhiteTeam "GRE"]
[BlackTeam "NOR"]
[WhiteClock "0:01:11"]
[BlackClock "0:00:53"]

1. d4 d5 2. c4 c5 3. cxd5 Qxd5 4. Nf3 cxd4 5. Nc3 Qa5 6. Nxd4 Nf6 7. Nb3 Qc7 8. g3 e5 9. Bg2 Bb4 10. O-O Bxc3 11. bxc3 O-O 12. Bg5 Nbd7 13. Rc1 h6 14. Bxf6 Nxf6 15. c4 Bf5 16. Qd2 Be4 17. f3 Bg6 18. Qb4 e4 19. f4 Bh5 20. e3 Rfc8 21. h3 a5 22. Qc3 Be2 23. Rf2 Bxc4 24. Rfc2 b5 25. Nd2 Qd7 26. Nxc4 Rxc4 27. Qb2 Rac8 28. Rxc4 bxc4 29. Kh2 Qd6 30. Qc3 Qb4 31. a3 Qxc3 32. Rxc3 Nd5 33. Rc1 f5 34. g4 g6 35. gxf5 gxf5 36. Bf1 Nxe3 37. Bd3 exd3 0-1

[Event "December 12 Early 2023"]
[Site "https://www.chess.com"]
[Date "2023.12.12"]
[Round "11"]
[White "Skibbe, Willi"]
[Black "Tasev, Dejan"]
[Result "1-0"]
[Board "65"]
[TimeControl "180+1"]
[WhiteFideId "4682190"]
[BlackFideId "936618"]
[WhiteElo "2331"]
[BlackElo "2573"]
[WhiteTeam "GER"]
[BlackTeam "SRB"]
[WhiteClock "0:00:15"]
[BlackClock "0:00:58"]

1. e4 e5 2. Nf3 Nc6 3. c3 g6 4. d4 Bg7 5. Bc4 d6 6. Bg5 f6 7. Be3 Nh6 8. dxe5 Nxe5 9. Nxe5 fxe5 10. f3 Nf7 11. h4 h6 12. Nd2 Qe7 13. Qb3 c6 14. a4 Nd8 15. O-O-O Be6 16. a5 O-O 17. Bxe6+ Nxe6 18. Nc4 Rfd8 19. Rd2 Kh7 20. h5 g5 21. Rhd1 Bf8 22. Nxd6 b6 23. Nf5 Qe8 24. Rxd8 Rxd8 25. Rxd8 Nxd8 26. axb6 axb6 27. Qxb6 Ne6 28. Qb7+ Kg8 29. Kc2 Nd8 30. Qc7 Ne6 31. Qxe5 Qf7 32. Bd4 Kh7 33. Qh8# 1-0

[Event "December 12 Early 2023"]
[Site "https://www.chess.com"]
[Date "2023.12.12"]
[Round "11"]
[White "Leenhouts, Koen"]
[Black "Chlpik, Martin"]
[Result "1/2-1/2"]
[Board "66"]
[TimeControl "180+1"]
[WhiteFideId "1008439"]
[BlackFideId "14923351"]
[WhiteElo "2543"]
[BlackElo "2381"]
[WhiteTeam "NED"]
[BlackTeam "SVK"]
[WhiteClock "0:00:13"]
[BlackClock "0:00:14"]

1. e4 c5 2. Nf3 d6 3. d4 cxd4 4. Qxd4 Nc6 5. Qe3 g6 6. h3 Bg7 7. Bc4 Nf6 8. O-O O-O 9. Rd1 Qb6 10. Nc3 Nb4 11. Qe2 Be6 12. Bxe6 fxe6 13. Be3 Qa6 14. Qxa6 bxa6 15. Rd2 h6 16. Nd4 Kf7 17. a3 e5 18. axb4 exd4 19. Bxd4 Rab8 20. Ra4 Rfc8 21. Bxa7 Rb7 22. Bd4 Rc4 23. Bxf6 Bxf6 24. Nd5 Bxb2 25. Rxa6 Rxe4 26. g4 Be5 27. f4 Bd4+ 28. Kg2 e6 29. Rxd6 exd5 30. Rxd5 Rxb4 31. f5 gxf5 32. Rxf5+ Kg7 33. c3 Bxc3 34. Rd7+ Kg6 35. Rd6+ Kg7 36. Rd7+ Kg6 37. Rd6+ Kg7 38. Rd7+ 1/2-1/2

[Event "December 12 Early 2023"]
[Site "https://www.chess.com"]
[Date "2023.12.12"]
[Round "11"]
[White "Krysa, Leandro"]
[Black "Herman, Matthew"]
[Result "1-0"]
[Board "67"]
[TimeControl "180+1"]
[WhiteFideId "116807"]
[BlackFideId "2028964"]
[WhiteElo "2706"]
[BlackElo "2503"]
[WhiteTeam "ARG"]
[BlackTeam "USA"]
[WhiteClock "0:00:20"]
[BlackClock "0:00:00"]

1. e4 e5 2. Nf3 Nc6 3. Bc4 Nf6 4. d3 Be7 5. O-O O-O 6. a4 a5 7. Nc3 d6 8. h3 Kh8 9. Ng5 Qe8 10. f4 h6 11. Nf3 Be6 12. Bxe6 fxe6 13. fxe5 dxe5 14. Be3 Rd8 15. Qe1 Nh5 16. Nb5 Rd7 17. Kh2 Kh7 18. g4 Nf4 19. Nxe5 Nxe5 20. Bxf4 Ng6 21. Bg3 Rxf1 22. Qxf1 e5 23. Qf5 Bd6 24. Rf1 Kg8 25. Qh5 Bc5 26. g5 c6 27. Na3 hxg5 28. Qxg5 Bxa3 29. bxa3 Qe6 30. Qf5 Qe8 31. h4 Re7 32. h5 Nf8 33. Bh4 Re6 34. Rg1 g6 35. hxg6 Nxg6 36. Bf6 1-0

[Event "December 12 Early 2023"]
[Site "https://www.chess.com"]
[Date "2023.12.12"]
[Round "11"]
[White "Arslanov, Shamil"]
[Black "Wanyama, Harold"]
[Result "0-1"]
[Board "68"]
[TimeControl "180+1"]
[WhiteFideId "4192826"]
[BlackFideId "10000380"]
[WhiteElo "2705"]
[BlackElo "2502"]
[WhiteTeam "RUS"]
[BlackTeam "UGA"]
[WhiteClock "0:00:00"]
[BlackClock "0:00:13"]

1. e4 c5 2. a3 Nc6 3. b4 cxb4 4. axb4 Nxb4 5. c3 Nc6 6. d4 d5 7. exd5 Qxd5 8. Na3 Qd8 9. d5 Ne5 10. Bf4 Ng6 11. Bg3 e5 12. Nf3 Bd6 13. Nb5 Nf6 14. Bd3 O-O 15. Bxg6 hxg6 16. c4 Bb4+ 17. Kf1 e4 18. Nfd4 a6 19. Nc7 Ra7 20. Ndb5 axb5 21. Rxa7 bxc4 22. Qd4 Bd6 23. Nb5 Bxg3 24. hxg3 Qxd5 25. Qxd5 Nxd5 26. f3 e3 27. g4 f5 28. gxf5 Bxf5 29. Rh4 Bd3+ 30. Ke1 c3 31. Nxc3 Nxc3 32. Ra3 Rc8 33. Rd4 Ba6 34. Rd7 e2 35. Ra1 g5 36. Rd4 Nd1 37. Rd2 Ne3 38. Kf2 Nc2 39. Rc1 e1=Q+ 40. Rxe1 Nxe1 41. Kxe1 Re8+ 42. Kf2 Re7 43. Rd5 g4 44. fxg4 Re2+ 45. Kf3 Rb2 46. Rd7 Bb5 47. Rc7 Bc6+ 48. Kf4 Rxg2 49. Kf5 Kh7 50. Re7 Rf2+ 51. Kg5 Rf6 52. Rc7 b5 0-1

[Event "December 12 Early 2023"]
[Site "https://www.chess.com"]
[Date "2023.12.12"]
[Round "11"]
[White "Azali, Tannaz"]
[Black "Wu, Derek"]
[Result "0-1"]
[Board "69"]
[TimeControl "180+1"]
[WhiteFideId "12537721"]
[BlackFideId "30914558"]
[WhiteElo "2496"]
[BlackElo "2678"]
[WhiteTeam "IRI"]
[BlackTeam "USA"]
[WhiteClock "0:01:42"]
[BlackClock "0:01:31"]

1. e4 e6 2. d4 d5 3. Nc3 Nf6 4. e5 Nfd7 5. f4 c5 6. Nf3 Nc6 7. Be3 Qb6 8. Qd2 Qxb2 9. Rb1 Qa3 10. Bb5 c4 11. O-O Bb4 12. Rxb4 Qxb4 13. Bxc6 bxc6 14. f5 exf5 15. Qe1 Nf8 16. Bd2 Qe7 17. Qg3 Ng6 18. h4 f4 19. Bxf4 Nxf4 20. Qxf4 h6 21. Na4 Qe6 22. Nc5 Qg4 23. Qe3 O-O 24. c3 Rb8 25. Rf2 Rb1+ 26. Kh2 Be6 27. Nd2 Qxh4+ 0-1

[Event "December 12 Early 2023"]
[Site "https://www.chess.com"]
[Date "2023.12.12"]
[Round "11"]
[White "Kraiouchkine, Nikita"]
[Black "Souleidis, Georgios"]
[Result "1/2-1/2"]
[Board "70"]
[TimeControl "180+1"]
[WhiteFideId "2607140"]
[BlackFideId "4206827"]
[WhiteElo "2495"]
[BlackElo "2623"]
[WhiteTeam "CAN"]
[BlackTeam "GRE"]
[WhiteClock "0:00:03"]
[BlackClock "0:00:06"]

1. e4 c5 2. Nf3 e6 3. c3 d5 4. e5 d4 5. d3 Nc6 6. Bf4 Nge7 7. h4 Ng6 8. Bg3 h5 9. Nbd2 Be7 10. Ne4 a5 11. Qe2 a4 12. a3 b6 13. Neg5 Bb7 14. Rc1 Rc8 15. c4 Na5 16. Rh3 Nb3 17. Rd1 Qd7 18. Bh2 b5 19. cxb5 Qxb5 20. Nd2 Bd5 21. f4 Nxd2 22. Rxd2 c4 23. Qd1 c3 24. bxc3 dxc3 25. Rc2 Bb3 26. d4 Qb6 27. Bd3 Bxc2 28. Bxc2 Nf8 29. f5 Qa5 30. Rf3 Bxg5 31. hxg5 Qd5 32. g6 fxg6 33. fxe6 Nxe6 34. Bxg6+ Kd8 35. Bc2 Qxd4 36. Qxd4+ Nxd4 37. Rd3 Rc4 38. Bg1 Ke7 39. Rxd4 Rhc8 40. Rxc4 Rxc4 41. Ke2 Rg4 42. Kf3 Rg5 43. Bd4 Rg4 44. Be3 g5 45. Be4 Ke6 46. Bd4 c2 47. Be3 Kxe5 48. Bxc2 Rc4 49. Bd1 Rc3 50. Bxa4 g4+ 51. Ke2 Rxa3 52. Bc2 Ra2 53. Kd3 Ra3+ 54. Kd2 Ra2 55. Kd3 Ra3+ 56. Kd2 Ra2 57. Kd3 1/2-1/2

[Event "December 12 Early 2023"]
[Site "https://www.chess.com"]
[Date "2023.12.12"]
[Round "11"]
[White "Kochiev, Ivan"]
[Black "Ambartsumova, Karina"]
[Result "1-0"]
[Board "71"]
[TimeControl "180+1"]
[WhiteFideId "2917890"]
[BlackFideId "4166299"]
[WhiteElo "2483"]
[BlackElo "2623"]
[WhiteTeam "BUL"]
[BlackTeam "RUS"]
[WhiteClock "0:00:06"]
[BlackClock "0:00:00"]

1. e4 e5 2. Nf3 Nc6 3. d4 exd4 4. Bc4 Nf6 5. O-O Nxe4 6. Nc3 Nxc3 7. bxc3 d5 8. Bb5 Be7 9. cxd4 O-O 10. h3 Bf5 11. Rb1 Bd6 12. Bd3 Bxd3 13. Qxd3 b6 14. Bd2 h6 15. Rfe1 Qf6 16. Qb5 Ne7 17. Ne5 c6 18. Qd3 Rfe8 19. Re3 Bxe5 20. dxe5 Qf5 21. Qc3 Rad8 22. Rf3 Qe6 23. Re1 Ng6 24. Rg3 d4 25. Qa3 a5 26. f4 Qf5 27. Qf3 Rd5 28. Re4 Red8 29. Qe2 Nf8 30. Rb3 b5 31. g4 Qd7 32. f5 d3 33. cxd3 Rxd3 34. Rxd3 Qxd3 35. Qxd3 Rxd3 36. Bxa5 Ra3 37. Bb4 Rxa2 38. e6 fxe6 39. fxe6 Nxe6 40. Rxe6 Rb2 41. Bc3 Rc2 42. Be5 b4 43. Re7 c5 44. Rxg7+ Kf8 45. Rc7 Ke8 46. Bd6 b3 47. Be5 c4 48. Kf1 1-0

[Event "December 12 Early 2023"]
[Site "https://www.chess.com"]
[Date "2023.12.12"]
[Round "11"]
[White "Kotyk, Michael"]
[Black "Novikov, Evgenij"]
[Result "1-0"]
[Board "72"]
[TimeControl "180+1"]
[WhiteFideId "16214501"]
[BlackFideId "4125380"]
[WhiteElo "2472"]
[BlackElo "2593"]
[WhiteTeam "GER"]
[BlackTeam "RUS"]
[WhiteClock "0:01:13"]
[BlackClock "0:00:03"]

1. e4 c6 2. Nf3 d5 3. d3 Bg4 4. h3 Bh5 5. Nbd2 Nd7 6. g4 Bg6 7. Bg2 e6 8. Qe2 Bb4 9. c3 dxe4 10. dxe4 Be7 11. Nc4 Ngf6 12. Nfe5 Nxe5 13. Nxe5 Qa5 14. Bf4 O-O-O 15. O-O h5 16. g5 Nd7 17. Nxg6 fxg6 18. h4 Rhf8 19. Be3 e5 20. a4 Qc7 21. b4 Rf4 22. Bxf4 exf4 23. Bh3 Kb8 24. Rad1 Ne5 25. Rxd8+ Qxd8 26. Rd1 Qg8 27. Kh1 Qb3 28. Qd2 a6 29. a5 f3 30. Qd4 Ka8 31. Rd2 Ng4 32. Bxg4 hxg4 33. Qxg7 Qb1+ 34. Kh2 Qxe4 35. Qh8+ Ka7 36. Qd4+ Qxd4 37. Rxd4 c5 38. Rxg4 cxb4 39. cxb4 b6 40. Rd4 Kb8 41. Rd7 Bxb4 42. axb6 a5 43. h5 gxh5 44. g6 Bc3 45. g7 Be5+ 46. Kh3 Bxg7 47. Rxg7 a4 48. Ra7 h4 49. Kxh4 a3 50. Rxa3 Kb7 51. Rxf3 Kxb6 52. Re3 Kc5 53. Kg3 Kd4 54. Kf3 Kd5 55. Ke2 Kd4 56. f4 Kd5 57. f5 Kd6 58. f6 Kd7 59. f7 1-0

[Event "December 12 Early 2023"]
[Site "https://www.chess.com"]
[Date "2023.12.12"]
[Round "11"]
[White "Assylov, Miras"]
[Black "Pak, Yevgeniy"]
[Result "0-1"]
[Board "73"]
[TimeControl "180+1"]
[WhiteFideId "13728873"]
[BlackFideId "14201712"]
[WhiteElo "2584"]
[BlackElo "2471"]
[WhiteTeam "KAZ"]
[BlackTeam "KAZ"]
[WhiteClock "0:00:01"]
[BlackClock "0:00:10"]

1. b3 e5 2. Bb2 Nc6 3. e3 Nf6 4. Nf3 e4 5. Nd4 Nxd4 6. Bxd4 c5 7. Bb2 Be7 8. c4 d5 9. cxd5 Qxd5 10. d3 Bg4 11. Nc3 Qc6 12. Be2 Bxe2 13. Qxe2 exd3 14. Qxd3 Qxg2 15. O-O-O Qc6 16. Rhg1 Rd8 17. Qf5 Rxd1+ 18. Rxd1 O-O 19. e4 Rd8 20. Rg1 g6 21. Qf4 c4 22. Kb1 cxb3 23. axb3 Qe6 24. Qe3 b6 25. Ka2 Bc5 26. Qe2 Bd4 27. Rd1 Kg7 28. h4 Rd7 29. Nd5 Bxb2 30. Qxb2 Kf8 31. Qa3+ Kg7 32. Qb2 b5 33. f4 Kh6 34. Nxf6 Qa6+ 35. Kb1 Rxd1+ 36. Kc2 Rg1 37. Ng8+ Kh5 38. Kd3 Qd6+ 39. Ke3 Rg3+ 40. Ke2 Qd3+ 41. Kf2 Qf3+ 42. Ke1 Rg1+ 43. Kd2 Rg2+ 0-1

[Event "December 12 Early 2023"]
[Site "https://www.chess.com"]
[Date "2023.12.12"]
[Round "11"]
[White "Kiremitciyan, Ari"]
[Black "Shuvalov, Evgenij"]
[Result "1-0"]
[Board "74"]
[TimeControl "180+1"]
[WhiteFideId "6373445"]
[BlackFideId "4187237"]
[WhiteElo "2465"]
[BlackElo "2568"]
[WhiteTeam "TUR"]
[BlackTeam "FID"]
[WhiteClock "0:00:36"]
[BlackClock "0:01:12"]

1. e4 e6 2. d4 d5 3. Nc3 Bb4 4. exd5 exd5 5. Bd3 Nf6 6. Qf3 c6 7. h3 Nbd7 8. Ne2 Nf8 9. Bg5 Be7 10. O-O Ne6 11. Bh4 O-O 12. Rfe1 Re8 13. Nd1 h6 14. Ne3 Ng5 15. Bxg5 hxg5 16. Nf5 Bxf5 17. Qxf5 Ne4 18. Bxe4 dxe4 19. Ng3 Qxd4 20. Rxe4 Qf6 21. Rae1 Kf8 22. Qd7 Qd6 23. Qxb7 g6 24. Rxe7 Rxe7 25. Qxa8+ Kg7 26. Rxe7 Qxe7 27. Qxc6 Qe1+ 28. Nf1 Qe5 29. Qc3 Qxc3 30. bxc3 1-0

[Event "December 12 Early 2023"]
[Site "https://www.chess.com"]
[Date "2023.12.12"]
[Round "11"]
[White "Belov, Alexei"]
[Black "Mestnikov, Aisen"]
[Result "1-0"]
[Board "75"]
[TimeControl "180+1"]
[WhiteFideId "4128206"]
[BlackFideId "34130117"]
[WhiteElo "2564"]
[BlackElo "2463"]
[WhiteTeam "RUS"]
[BlackTeam "RUS"]
[WhiteClock "0:00:29"]
[BlackClock "0:00:12"]

1. e4 e5 2. Nf3 Nc6 3. Bb5 a6 4. Ba4 Nge7 5. O-O g6 6. d4 exd4 7. Nxd4 Bg7 8. Nxc6 Nxc6 9. Nc3 O-O 10. Nd5 b5 11. Bb3 Nd4 12. c3 Nxb3 13. axb3 Bb7 14. Be3 Re8 15. f3 Re6 16. Qd2 Bxd5 17. Qxd5 Rd6 18. Qc5 Bf8 19. Qe5 Bg7 20. Qf4 Rd3 21. Rfd1 Rxd1+ 22. Rxd1 d6 23. b4 a5 24. bxa5 Rxa5 25. e5 Ra4 26. Qg3 Qe7 27. f4 dxe5 28. f5 Ra8 29. Bg5 Bf6 30. Bxf6 Qxf6 31. Rf1 Re8 32. Qd3 Qb6+ 33. Kh1 e4 34. Qd7 Rf8 35. Qe7 Qd6 36. Qxe4 Qc5 37. f6 Qc4 38. Qf3 Kh8 39. h3 h5 40. Re1 Kh7 41. Re7 b4 42. Re4 Qd5 43. Rxb4 Qxf3 44. gxf3 Re8 45. Rc4 Re6 46. Rxc7 Re1+ 47. Kg2 Re2+ 48. Kg3 Rxb2 49. Rxf7+ Kh8 50. Rg7 Rc2 51. Rxg6 Rxc3 52. f7 Rc8 53. Rg8+ Rxg8+ 54. fxg8=Q+ Kxg8 55. Kh4 Kg7 56. Kxh5 Kf6 57. Kg4 Kg6 58. f4 Kf6 59. h4 Kg6 60. h5+ Kh6 61. f5 Kg7 62. Kg5 Kh7 63. f6 Kg8 64. Kg6 Kh8 65. h6 Kg8 66. f7+ Kh8 67. f8=Q# 1-0

[Event "December 12 Early 2023"]
[Site "https://www.chess.com"]
[Date "2023.12.12"]
[Round "11"]
[White "YurasovMat-2012"]
[Black "Ginzburg, Yakov"]
[Result "0-1"]
[Board "76"]
[TimeControl "180+1"]
[BlackFideId "4157176"]
[WhiteElo "2458"]
[BlackElo "2552"]
[BlackTeam "RUS"]
[WhiteClock "0:01:06"]
[BlackClock "0:00:47"]

1. e4 c5 2. Nf3 e6 3. g3 d5 4. exd5 exd5 5. Bg2 Nf6 6. O-O Be7 7. d4 cxd4 8. Nxd4 O-O 9. Re1 Nc6 10. c4 Nxd4 11. Qxd4 dxc4 12. Qxd8 Bxd8 13. Nc3 a6 14. Be3 Bc7 15. Bc5 Rd8 16. Rad1 Rxd1 17. Rxd1 Rb8 18. Ba7 Ra8 19. Bd4 Bg4 20. Re1 Rd8 21. Be5 Bxe5 22. Rxe5 b5 23. h3 Be6 24. Rc5 Rd2 25. b3 b4 26. Na4 c3 27. Bf3 g6 28. Kg2 Rxa2 29. Rc6 Bxb3 30. Nc5 Bc4 31. Nb7 Bd5 32. Rxf6 Bxf3+ 33. Kxf3 c2 34. Rc6 Ra3+ 35. Ke2 Rc3 0-1

[Event "December 12 Early 2023"]
[Site "https://www.chess.com"]
[Date "2023.12.12"]
[Round "11"]
[White "Vakhidov, Shahzod"]
[Black "Topalov, Aleksandar"]
[Result "1-0"]
[Board "78"]
[TimeControl "180+1"]
[WhiteFideId "14205270"]
[BlackFideId "925659"]
[WhiteElo "2538"]
[BlackElo "2394"]
[WhiteTeam "UZB"]
[BlackTeam "SRB"]
[WhiteClock "0:00:04"]
[BlackClock "0:00:00"]

1. d4 Nf6 2. Nf3 g6 3. g3 Bg7 4. c4 O-O 5. Bg2 c5 6. O-O d6 7. dxc5 dxc5 8. Ne5 Nbd7 9. Nd3 e5 10. Nc3 Re8 11. Be3 Bf8 12. Rc1 Qb6 13. Na4 Qc7 14. Nc3 a6 15. a3 Rb8 16. b4 b6 17. Nd5 Nxd5 18. cxd5 e4 19. Nf4 Bd6 20. Qc2 Qd8 21. Bxe4 cxb4 22. axb4 Bxb4 23. Bd4 Ne5 24. Bg2 Bd6 25. Qb2 b5 26. h4 Bb7 27. h5 Nc4 28. Rxc4 bxc4 29. h6 Bxd5 30. Bb6 Be5 31. Bxd8 Bxb2 32. Bxd5 Rbxd8 33. Bxc4 Be5 34. Nd3 Bf6 35. Rb1 Bg5 36. Rb7 Rf8 37. Ne5 Rb8 38. Rxf7 Rxf7 39. Nxf7 Bxh6 40. Nxh6+ Kg7 41. Ng4 Rb1+ 42. Kg2 a5 43. Ne3 h5 44. f4 a4 45. Bd3 Rb2 46. Nc4 1-0

[Event "December 12 Early 2023"]
[Site "https://www.chess.com"]
[Date "2023.12.12"]
[Round "11"]
[White "Khamdamova, Afruza"]
[Black "Ovezdurdyyeva, Jemal"]
[Result "1-0"]
[Board "79"]
[TimeControl "180+1"]
[WhiteFideId "14210444"]
[BlackFideId "14001888"]
[WhiteElo "2535"]
[BlackElo "2430"]
[WhiteTeam "UZB"]
[BlackTeam "TKM"]
[WhiteClock "0:00:28"]
[BlackClock "0:00:00"]

1. e4 d6 2. d4 Nf6 3. Nc3 g6 4. Be3 Bg7 5. f3 c6 6. Qd2 h5 7. a4 O-O 8. h4 Nbd7 9. Bc4 e5 10. Nge2 a6 11. Bb3 Rb8 12. O-O-O b5 13. dxe5 dxe5 14. Bg5 Qb6 15. Kb1 Nc5 16. Be3 Nxb3 17. cxb3 Qb7 18. a5 Be6 19. Nc1 Rfc8 20. b4 Bf8 21. Nd3 Bb3 22. Rc1 Rd8 23. Nd1 Bc4 24. N1f2 Qd7 25. Rhd1 Qe6 26. Qc3 Nd7 27. g4 hxg4 28. fxg4 Bb3 29. Rh1 c5 30. Nxc5 Nxc5 31. Bxc5 Bxc5 32. bxc5 b4 33. Qe3 Ba2+ 34. Ka1 Bc4 35. h5 Bb5 36. hxg6 Qxg6 37. Rh5 Kf8 38. Rxe5 Qf6 39. Rf5 Qe6 40. g5 Ke7 41. Ng4 Rd3 42. Qf4 1-0

[Event "December 12 Early 2023"]
[Site "https://www.chess.com"]
[Date "2023.12.12"]
[Round "11"]
[White "Tikhonov, Viacheslav"]
[Black "Nasybullina, Alfia"]
[Result "1-0"]
[Board "80"]
[TimeControl "180+1"]
[WhiteFideId "44196407"]
[BlackFideId "4132416"]
[WhiteElo "2527"]
[BlackElo "2308"]
[WhiteTeam "RUS"]
[BlackTeam "KAZ"]
[WhiteClock "0:00:13"]
[BlackClock "0:00:27"]

1. e4 c6 2. d4 d5 3. exd5 cxd5 4. Bd3 Nc6 5. c3 Nf6 6. h3 g6 7. Nf3 Bf5 8. O-O Bxd3 9. Qxd3 Bg7 10. Re1 O-O 11. Bf4 Ne4 12. Nbd2 Nxd2 13. Nxd2 Re8 14. Nf3 Rc8 15. h4 h5 16. g3 Qb6 17. Re2 Qa6 18. Qxa6 bxa6 19. Nd2 e5 20. dxe5 Nxe5 21. Rae1 f6 22. Bxe5 fxe5 23. f4 e4 24. Nb3 Rc4 25. Rd1 Rd8 26. Kf2 Kf7 27. Ke3 Ke6 28. Nd4+ Kd6 29. Nc2 Rb8 30. Nd4 a5 31. a3 a4 32. Rdd2 Bf8 33. Rg2 Kd7 34. g4 Bc5 35. gxh5 gxh5 36. Rg7+ Kd6 37. Rg6+ Kd7 38. Rg5 Kd6 39. f5 Rb3 40. Rg6+ Kd7 41. Kf4 Bxd4 42. cxd4 e3 43. Re2 Rxd4+ 44. Ke5 Rd2 45. Rg7+ Kc6 46. Rgg2 Rxe2 47. Rxe2 Kc5 48. f6 d4 49. Rc2+ Kb6 50. Kxd4 Rb5 51. Kxe3 Rf5 52. Rf2 Rd5 53. f7 Rd8 54. f8=Q Rxf8 55. Rxf8 Kb5 56. Rc8 a5 57. Rc3 Kb6 58. Kf4 Kb5 59. Kg5 Kb6 60. Kxh5 Kb5 61. Kg5 Kb6 62. h5 Kb5 63. h6 Kb6 64. h7 Kb5 65. h8=Q Kb6 66. Qh7 Kb5 67. Qh8 Kb6 68. Qd4+ Kb5 69. Qc4+ Kb6 70. Qxa4 Ka6 71. Qc6+ Ka7 72. Rb3 a4 73. Qb7# 1-0

[Event "December 12 Early 2023"]
[Site "https://www.chess.com"]
[Date "2023.12.12"]
[Round "11"]
[White "Filippova, Margarita"]
[Black "Reprintsev, Alexander"]
[Result "0-1"]
[Board "81"]
[TimeControl "180+1"]
[WhiteFideId "34199680"]
[BlackFideId "14100541"]
[WhiteElo "2344"]
[BlackElo "2513"]
[WhiteTeam "RUS"]
[BlackTeam "UKR"]
[WhiteClock "0:01:00"]
[BlackClock "0:00:25"]

1. e4 d5 2. exd5 Qxd5 3. d4 Nc6 4. c3 e5 5. dxe5 Qxd1+ 6. Kxd1 Nxe5 7. h3 Bf5 8. Bf4 O-O-O+ 9. Kc1 Nd3+ 10. Bxd3 Bxd3 11. Nd2 Bc5 12. Bg3 h5 13. Ngf3 f6 14. b4 Bb6 15. a4 a6 16. a5 Ba7 17. Re1 Nh6 18. Nb3 Nf5 19. Ra2 Bc4 20. Kc2 h4 21. Bf4 Bxf2 22. Rc1 Ne3+ 23. Bxe3 Bxe3 24. Re1 Bf4 25. Raa1 g5 26. Nbd4 Bd5 27. Rad1 Rhe8 28. Kd3 Bg3 29. Rxe8 Rxe8 30. Rd2 Be4+ 31. Kc4 c6 32. Re2 Bd5+ 33. Kd3 Rxe2 34. Nxe2 Bf2 35. c4 Bf7 36. Nc3 Bg6+ 37. Ne4 Kd7 38. Nh2 Be1 39. Kd4 Bxe4 40. Kxe4 Bxb4 41. Kf5 Bxa5 42. Kxf6 Bd2 43. Nf3 Bc1 44. Nxg5 Bxg5+ 45. Kxg5 a5 46. Kxh4 a4 47. g4 a3 48. g5 a2 49. Kh5 a1=Q 50. Kg6 Qb1+ 51. Kg7 Qb2+ 52. Kg8 Qe5 53. g6 Qe6+ 54. Kh7 Qxh3+ 55. Kg8 Qe6+ 56. Kh8 Qxc4 57. g7 Qd4 58. Kg8 Qxg7+ 59. Kxg7 Ke6 60. Kg6 Ke5 61. Kg5 c5 62. Kg4 Ke4 63. Kg5 0-1

[Event "December 12 Early 2023"]
[Site "https://www.chess.com"]
[Date "2023.12.12"]
[Round "11"]
[White "Gavrilov, Maxim"]
[Black "Rodriguez Avila, Alvaro"]
[Result "1-0"]
[Board "82"]
[TimeControl "180+1"]
[WhiteFideId "24271454"]
[BlackFideId "24570249"]
[WhiteElo "2510"]
[BlackElo "2288"]
[WhiteTeam "RUS"]
[BlackTeam "ESP"]
[WhiteClock "0:00:29"]
[BlackClock "0:00:46"]

1. d4 Nf6 2. c4 e6 3. Nc3 Bb4 4. Nf3 O-O 5. Bg5 h6 6. Bh4 g5 7. Bg3 Ne4 8. Rc1 d5 9. e3 h5 10. h4 g4 11. Ne5 Nxg3 12. fxg3 Bd6 13. cxd5 exd5 14. Nxd5 Re8 15. Bc4 Nc6 16. O-O Nxe5 17. Nf6+ Kh8 18. dxe5 Bxe5 19. Nxe8 Qxe8 20. Bxf7 Qe7 21. Bxh5 Be6 22. Bxg4 Rd8 23. Qe2 Bxg3 24. Bxe6 Qxh4 25. Bh3 Rg8 26. Rc4 1-0

[Event "December 12 Early 2023"]
[Site "https://www.chess.com"]
[Date "2023.12.12"]
[Round "11"]
[White "Dinu, Dumitru-Daniel"]
[Black "Osmonbekov, Talaibek"]
[Result "1-0"]
[Board "83"]
[TimeControl "180+1"]
[WhiteFideId "1208403"]
[BlackFideId "2017253"]
[WhiteElo "2508"]
[BlackElo "2256"]
[WhiteTeam "ROU"]
[BlackTeam "USA"]
[WhiteClock "0:01:04"]
[BlackClock "0:00:22"]

1. e4 c5 2. Nf3 d6 3. d4 cxd4 4. Nxd4 Nf6 5. f3 g6 6. c4 Nc6 7. Nc3 Bg7 8. Be3 O-O 9. Be2 Bd7 10. O-O Rc8 11. Rc1 h5 12. Qd2 Nxd4 13. Bxd4 Be6 14. b3 h4 15. f4 Qa5 16. f5 gxf5 17. exf5 Bxf5 18. Qg5 Rc5 19. b4 Qxb4 20. Rxf5 Rxf5 21. Qxf5 Qb2 22. Rf1 Qd2 23. Qd3 Qxd3 24. Bxd3 e5 25. Bf2 h3 26. gxh3 Nh5 27. Nd5 a6 28. Be3 Kh8 29. Rf5 Nf4 30. Bxf4 exf4 31. Rh5+ 1-0

[Event "December 12 Early 2023"]
[Site "https://www.chess.com"]
[Date "2023.12.12"]
[Round "11"]
[White "Borawski, Jakub"]
[Black "Yashmetov, Mikhail"]
[Result "1-0"]
[Board "84"]
[TimeControl "180+1"]
[WhiteFideId "1143000"]
[BlackFideId "24198900"]
[WhiteElo "2249"]
[BlackElo "2507"]
[WhiteTeam "POL"]
[BlackTeam "RUS"]
[WhiteClock "0:00:14"]
[BlackClock "0:00:13"]

1. f4 e5 2. fxe5 d6 3. exd6 Bxd6 4. Nf3 Nf6 5. d4 Ng4 6. e4 Nxh2 7. e5 Nxf3+ 8. Qxf3 Bb4+ 9. c3 Ba5 10. Bc4 Rf8 11. Rxh7 Qxd4 12. Bxf7+ Rxf7 13. Rh8+ Ke7 14. Bg5+ Ke6 15. Re8+ Kd7 16. Qxf7+ Kc6 17. Nd2 Qg1+ 18. Qf1 Qxf1+ 19. Kxf1 Na6 20. b4 Bb6 21. Rd1 Bg4 22. Rxa8 Bxd1 23. Rg8 Kd5 24. Rxg7 Kxe5 25. Nc4+ Ke4 26. Nxb6 axb6 27. Bd8 Kd3 28. Rg3+ Kc4 29. Ke1 Bh5 30. Kd2 c5 31. a3 cxb4 32. axb4 Nb8 33. Bxb6 Nd7 34. Rg5 Bf7 35. Bd4 Bd5 36. g4 Nf8 37. Rg7 Ne6 38. Rd7 Bc6 39. Rd6 Ng5 40. Ke3 Nf7 41. Rf6 Ng5 42. Rf5 Ne4 43. Rf4 Nxc3 44. Bxc3+ Kxc3 45. g5 Bd5 46. g6 b5 47. g7 Ba2 48. Rg4 Bg8 49. Rf4 Bd5 50. Rf5 Bc4 51. Rxb5 Bxb5 52. g8=Q Kxb4 53. Qb8 Kc5 54. Qc7+ Bc6 55. Kd3 Kd5 56. Qd8+ Kc5 57. Qd4+ Kb5 58. Kc3 Bb7 59. Qe5+ Kb6 60. Kb4 Bc6 61. Qc5+ Kc7 62. Qe7+ Kb6 63. Qd6 Kb7 64. Kc5 Bh1 65. Qb6+ Ka8 66. Kd6 Bg2 67. Kc7 Bb7 68. Qa5+ Ba6 69. Qxa6# 1-0